Map: Catalyst LE

Players

Kelazhur - Winner!

  • Race: Terran Terran
  • Spawn Location: 11:00

RiSky

  • Race: Zerg Zerg
  • Spawn Location: 5:00

Event: IEM Season 12 - Katowice

VOD

Have the link to the VOD?

Description

Time

  • Played on: Feb. 27, 2018, 4:09 a.m.
  • Length: 6:58

All games in this series

Show
View Real Time Build Order
Export as new Build Order

Kelazhur Terran - Winner!

Build Orders: Gas First Reaper Expand, Reaper Expand, Hellion Banshee 

Get SALT Encoding   

  12  0:00  SCV  
  13  0:12  SCV  
  14  0:17  Supply Depot  
  14  0:25  SCV  
  15  0:28  Refinery  
  15  0:38  SCV  
  16  0:44  Barracks  
  16  0:50  SCV  
  17  1:02  SCV  
  18  1:15  SCV  
  19  1:30  Reaper, Orbital Command  
  20  1:42  Command Center  
  20  1:54  Factory  
  20  1:58  SCV  
  21  2:05  Barracks Reactor  
  21  2:11  SCV  
  21  2:15  Supply Depot  
  22  2:17  Refinery  
  22  2:23  SCV  
  23  2:37  SCV  
  24  2:44  Starport  
  24  2:49  SCV  
  29  2:51  Hellion x2  
  29  2:59  Orbital Command  
  29  3:01  SCV  
  32  3:13  Hellion, SCV  
  32  3:17  Barracks Tech Lab  
  33  3:21  Hellion  
  33  3:25  SCV  
  33  3:26  SCV  
  37  3:31  Viking  
  39  3:37  SCV  
  39  3:41  SCV  
  41  3:47  Hellion  
  43  3:49  SCV  
  43  3:50  Hellion  
  43  3:53  Supply Depot  
  46  4:09  SCV x2  
  46  4:10  Hellion  
  41  4:20  Cloaking Field, Banshee  
  41  4:21  SCV x2  
  46  4:28  Command Center  
  46  4:32  Supply Depot  
  46  4:33  SCV x2  
  50  4:38  Hellion  
  50  4:39  Hellion  
  50  4:45  SCV x2  
  54  4:50  Supply Depot  
  54  4:52  Armory  
  54  4:53  Armory  
  54  4:57  SCV x2  
  56  5:03  Hellion, Banshee  
  61  5:10  SCV  
  61  5:12  Hellion  
  64  5:15  Supply Depot, SCV  
  65  5:22  SCV  
  65  5:23  Refinery  
  65  5:24  Refinery  
  65  5:27  SCV, Factory  
  65  5:28  Factory  
  67  5:30  Hellion  
  67  5:34  SCV  
  70  5:39  Supply Depot, SCV  
  70  5:42  Orbital Command  
  71  5:50  SCV  
  71  5:53  SCV  
  71  5:56  Hellion  
  71  5:57  Hellion  
  77  6:02  SCV  
  78  6:06  SCV  
  79  6:12  Factory Tech Lab  
  79  6:17  Engineering Bay  
  79  6:18  Supply Depot  
  79  6:20  Starport Reactor, SCV  
  80  6:27  SCV  
  80  6:29  Hellion x2  
  90  6:40  SCV  
  90  6:44  SCV  
  95  6:56  Factory  
Show
View Real Time Build Order
Export as new Build Order

RiSky Zerg 

Build Orders: Hatch First 

Get SALT Encoding   

  12  0:00  Drone  
  13  0:13  Overlord  
  13  0:17  Drone  
  14  0:32  Drone x2  
  14  0:35  Drone  
  17  0:52  Hatchery  
  17  0:55  Drone  
  17  0:58  Drone  
  18  1:08  Extractor  
  17  1:13  Spawning Pool  
  17  1:16  Drone  
  17  1:20  Drone  
  18  1:29  Drone  
  19  1:39  Overlord  
  19  1:50  Drone  
  20  1:59  Queen  
  20  2:01  Zergling x2  
  23  2:04  Queen, Zergling x2  
  26  2:09  Metabolic Boost  
  26  2:12  Drone  
  26  2:15  Drone  
  28  2:25  Drone  
  28  2:26  Drone  
  28  2:29  Spore Crawler  
  29  2:34  Drone  
  30  2:43  Overlord  
  30  2:45  Drone, Queen  
  30  2:49  Drone  
  35  2:58  Drone  
  35  3:05  Drone, Extractor  
  35  3:11  Extractor  
  35  3:14  Hatchery  
  35  3:17  Drone x8  
  42  3:25  Queen  
  44  3:29  Overlord  
  44  3:34  Spore Crawler, Overlord  
  41  3:46  Zergling x4  
  39  3:55  Zergling x2  
  39  3:56  Zergling x8  
  39  3:59  Spore Crawler  
  39  4:09  Drone  
  36  4:15  Drone x2  
  36  4:16  Drone  
  39  4:21  Drone  
  40  4:28  Overlord  
  40  4:29  Drone  
  41  4:33  Drone  
  41  4:35  Overlord  
  41  4:40  Drone  
  41  4:42  Overlord  
  42  4:46  Drone  
  42  4:49  Drone  
  44  4:54  Drone, Queen  
  44  4:58  Queen  
  44  4:59  Drone  
  50  5:02  Drone  
  50  5:04  Drone  
  52  5:07  Drone  
  52  5:09  Drone  
  52  5:10  Drone  
  52  5:13  Spore Crawler  
  53  5:16  Spore Crawler  
  53  5:19  Spore Crawler  
  51  5:21  Drone  
  51  5:23  Drone  
  51  5:25  Drone  
  51  5:26  Drone  
  55  5:29  Overlord  
  55  5:33  Zergling x4  
  57  5:36  Overlord  
  57  5:39  Zergling x2  
  57  5:41  Drone  
  59  5:45  Evolution Chamber  
  59  5:47  Evolution Chamber  
  59  5:49  Drone  
  58  5:50  Drone  
  58  5:52  Drone  
  58  5:53  Drone  
  58  5:55  Drone x2  
  63  5:59  Drone  
  63  6:06  Drone  
  63  6:08  Drone  
  63  6:10  Zergling x2  
  63  6:11  Zergling x12  
  71  6:14  Zergling x2  
  61  6:39  Drone x2  

Tags
 
Add a new tag
Caveats
  • Supply blocks, unpowered buildings, or Contaminate may cause inaccurate times.
  • Supply counts are checked every 10 seconds.